 Dungeon Crawl Stone Soup version 0.30-a0-989-g0d87f670db (webtiles) character file.

Game seed: 7949066041954462255

436 jimonade the Grave Robber (level 6, -2/42 HPs)
             Began as a Mummy Necromancer on Apr 4, 2023.
             Killed from afar by an orc wizard (10 damage)
             ... with a puff of flame
             ... on level 5 of the Dungeon.
             The game lasted 00:08:56 (3574 turns).

jimonade the Grave Robber (Mummy Necromancer)       Turns: 3574, Time: 00:08:56

Health: -2/42      AC:  2    Str: 11    XL:     6   Next: 68%
Magic:  11/14      EV: 12    Int: 17    God:
Gold:   164        SH:  0    Dex: 12    Spells: 8/16 levels left

rFire   x . .      SeeInvis .    a - +0 dagger (venom)
rCold   + . .      Faith    +    (no shield)
rNeg    + + +      Spirit   .    b - +0 robe
rPois   ∞          Reflect  .    (no helmet)
rElec   .          Rampage  .    (no cloak)
rCorr   .                        (no gloves)
Will    .....                    (no boots)
Stlth   ++                       (no amulet)
HPRegen 0.27/turn                c - +4 ring of slaying
MPRegen 0.14/turn                j - ring of wizardry

@: animating dead
A: cold resistance 1, negative energy resistance 3, torment resistance 2, heat
vulnerability 1, in touch with death 1, no potions, faith
a: no special abilities


You were on level 5 of the Dungeon.
You visited 1 branch of the dungeon, and saw 5 of its levels.

You collected 164 gold pieces.

Inventory:

Hand Weapons
 a - a +0 dagger of venom (weapon)
 e - a +0 dagger
 q - a +1 whip of pain
Missiles
 h - 42 stones
 o - 10 poisoned darts
Armour
 b - a +0 robe (worn)
 k - a +0 ring mail
Magical Staves
 m - a staff of cold
 s - a staff of fire
Jewellery
 c - a +4 ring of slaying (left hand)
 j - a ring of wizardry (right hand)
 r - a ring of willpower
Scrolls
 d - 3 scrolls of noise {unknown}
 f - 3 scrolls of identify {unknown}
 g - a scroll of fear {unknown}
 i - a scroll of blinking {unknown}
 l - 3 scrolls of torment {unknown}
 n - a scroll of vulnerability {unknown}
 p - 7 scrolls of teleportation {unknown}
 t - a scroll of silence {unknown}
 u - a scroll of enchant weapon {unknown}
 v - a scroll of poison {unknown}


   Skills:
 + Level 0.6 Fighting
 + Level 0.7 Short Blades
 + Level 2.2 Dodging
 - Level 1.5 Stealth
 + Level 5.8 Spellcasting
 * Level 0.9 Hexes
 - Level 0.2 Summonings
 + Level 6.0 Necromancy
 - Level 0.2 Ice Magic


You had 8 spell levels left.
You knew the following spells:

 Your Spells              Type           Power      Damage    Failure   Level
a - Necrotise             Necr           100%       1d9       1%          1
b - Vampiric Draining     Necr           38%        2d8       1%          3
c - Animate Dead          Necr           38%        N/A       4%          4

Your spell library contained the following spells:

 Spells                   Type           Power      Damage    Failure   Level
 Slow                     Hex            32%        N/A       3%          1
 Sandblast                Erth           8%         2d5       5%          1
 Ensorcelled Hibernation  Hex/Ice        14%        N/A       6%          2
 Passwall                 Tmut/Erth      3%         N/A       9%          2
 Confusing Touch          Hex            8%         N/A       11%         3
 Agony                    Necr           38%        N/A       12%         5
 Inner Flame              Hex/Fire       6%         N/A       13%         3
 Frozen Ramparts          Ice            10%        1d2       14%         3
 Stone Arrow              Conj/Erth      8%         3d7       16%         3
 Swiftness                Air            4%         N/A       16%         3
 Summon Ice Beast         Ice/Summ       5%         N/A       41%         4
 Flame Wave               Conj/Fire      4%         2d5       45%         4
 Sticky Flame             Conj/Fire      4%         2d3       45%         4
 Ice Form                 Ice/Tmut       Unusable   N/A       N/A         4

Dungeon Overview and Level Annotations

Branches:
Dungeon (5/15)
 Temple: D:4-7

Altars:

Shops:
D:2 *

Portals:
Abyss: D:4

Annotations:
D:4 2 transporters, BleedingAnus's ghost, amateur HOMo


Innate Abilities, Weirdness & Mutations

You are immune to poison.
Your flesh is cold resistant. (rC+)
You are immune to negative energy. (rN+++)
You are immune to unholy pain and torment.
You are vulnerable to heat. (rF-)
You are in touch with the powers of death.
You do not drink.
You have a special connection with the divine. (Faith)


Message History

You barely miss the orc. The orc closely misses you.
You hit the orc priest but do no damage.
The orc priest is poisoned.
The orc priest hits you with a +0 dagger.
The orc hits you with a +0 falchion.
The orc wizard hits you with a +0 dagger.
The orc hits you with a +0 hand axe.
You hit the orc priest.
The orc priest is moderately wounded.
You closely miss the orc priest.
The orc priest is moderately wounded.
The orc priest barely misses you. The orc barely misses you.
The orc wizard closely misses you. The orc hits you but does no damage.
You completely miss the orc priest.
The orc priest is heavily wounded.
The orc hits you with a +0 falchion.
The orc priest hits you with a +0 dagger.
The orc barely misses you. The orc wizard closely misses you.
You barely miss the orc priest.
The orc priest is heavily wounded.
The orc priest misses you. The orc barely misses you.
The orc wizard hits you with a +0 dagger.
The orc closely misses you.
You hit the orc priest but do no damage.
The orc priest looks as sick as possible!
The orc priest is heavily wounded.
The orc priest closely misses you. The orc barely misses you.
The orc hits you with a +0 hand axe.
The orc wizard casts a spell.
The orc wizard flickers and vanishes!
Deactivating autopickup; reactivate with Ctrl-A.
You hit the orc priest but do no damage.
The orc priest is heavily wounded.
The orc priest hits you with a +0 dagger.
The orc hits you with a +0 falchion.
* * * LOW HITPOINT WARNING * * *
You hear some strange, mumbled words.
A puff of flame appears from out of thin air!
The puff of flame hits you! The fire burns you terribly!
You die...

#######
#.o@..#
#.o{o.....#
#...r......#
#...........
#............
#............
#..........#.
#..........#


You could see an orc priest (extremely poisoned), 2 orcs and a quokka.

Vanquished Creatures
  A bullfrog (D:2)
  A scorpion (D:4)
  2 jellies (D:4)
  A hound (D:4)
  An orc priest (D:3)
  A sleepcap (D:4)
  An orc wizard (D:3)
  3 gnolls
  2 adders
  An ufetubus (D:4)
  A worm (D:2)
  3 dart slugs
  6 orcs
  4 bats
  3 endoplasms
  7 giant cockroaches
  6 hobgoblins
  A jackal (D:4)
  4 quokkas
  4 ball pythons
  2 frilled lizards
  9 goblins
  6 kobolds
  4 rats
74 creatures vanquished.

Vanquished Creatures (collateral kills)
  A dart slug (D:1)
  An orc (D:4)
  2 jackals (D:4)
  A frilled lizard (D:3)
  A kobold (D:4)
6 creatures vanquished.

Vanquished Creatures (others)
  A gnoll zombie (D:4)
  3 jackal zombies (D:4)
  A kobold zombie (D:4)
  2 plants (D:2)
7 creatures vanquished.

Grand Total: 87 creatures vanquished

Notes
Turn   | Place    | Note
-------+----------+-------------------------------------------
     0 | D:1      | jimonade the Mummy Necromancer began the quest for the Orb.
     0 | D:1      | Reached XP level 1. HP: 13/13 MP: 4/4
    95 | D:1      | Reached XP level 2. HP: 19/19 MP: 3/5
   618 | D:1      | Gained mutation: You are in touch with the powers of death.
                  | [Mummy growth]
   618 | D:1      | Reached XP level 3. HP: 21/24 MP: 7/7
  1099 | D:2      | Found Ucreeqov's Assorted Antiques.
  1765 | D:3      | Noticed a bullfrog
  1778 | D:2      | Killed a bullfrog
  1779 | D:2      | Reached skill level 5 in Necromancy
  1779 | D:2      | Reached XP level 4. HP: 22/30 MP: 10/10
  2105 | D:3      | Reached XP level 5. HP: 35/35 MP: 8/11
  2603 | D:3      | Learned a level 3 spell: Vampiric Draining
  2608 | D:3      | Learned a level 4 spell: Animate Dead
  2654 | D:4      | Reached skill level 5 in Spellcasting
  2654 | D:4      | Reached XP level 6. HP: 27/42 MP: 8/13
  2780 | D:4      | Found a one-way gate to the infinite horrors of the Abyss.
  2780 | D:4      | Noticed BleedingAnus's ghost (amateur HOMo)
  2790 | D:4      | Found a transporter.
  2795 | D:4      | Found a transporter.
  2795 | D:4      | Noticed a small abomination
  3436 | D:4      | Reached skill level 6 in Necromancy
  3565 | D:5      | Entered Level 5 of the Dungeon
  3574 | D:5      | Killed from afar by an orc wizard

Illustrated notes

Levels and vault maps discovered:
D:1:      dpeg_arrival_pits, layout_basic
D:2:      layout_basic, serial_shops, nicolae_shop_overgrown_old_shop
D:3:      layout_basic, kennysheep_generic_room_6
D:4:      layout_cave_pools, gammafunk_ghost_abyssal_escape
D:5:      layout_cave_pods, mainiacjoe_overflow_paths,
          minmay_temple_entry_proselytizer, hangedman_decor_diamond_cutter,
          chequers_serial_rivers_micro_d

Skill      XL: |  1  2  3  4  5  6 |
---------------+-------------------+-----
Spellcasting   | 3 4 5 |  5.8
Dodging        | 2 |  2.2
Necromancy     | 5 6 |  6.0
Fighting       | |  0.6
Short Blades   | |  0.7
Stealth        | |  1.5
Hexes          | |  0.9
Summonings     | |  0.2
Ice Magic      | |  0.2

Action                     |  1- 3 |  4- 6 || total
---------------------------+-------+-------++-------
  Melee: Dagger            |    38 |    64 ||   102
         Punch             |       |     1 ||     1
   Cast: Necrotise         |    42 |    44 ||    86
         Animate Dead      |       |     5 ||     5
   Stab: Sleeping          |     1 |       ||     1
 Armour: Robe              |     5 |     2 ||     7
  Dodge: Dodged            |    27 |    42 ||    69

Table legend: (Time is in decaauts)
 A = Elapsed time spent in this place.
 B = Non-inter-level travel time spent in this place.
 C = Inter-level travel time spent in this place.
 D = Time resting spent in this place.
 E = Time spent auto-exploring this place.
 F = Levels seen in this place.
 G = Mean time per level.
                   A        B        C        D        E       F      G
               +--------+--------+--------+--------+--------+-----+--------+
         Total |   3570 |   3517 |     53 |    441 |   2147 |   5 |  714.0 |
       Dungeon |   3570 |   3517 |     53 |    441 |   2147 |   5 |  714.0 |
               +--------+--------+--------+--------+--------+-----+--------+

Top non-repeatable levels by time:
     D:1: 1097 daAuts
     D:3: 950 daAuts
     D:2: 792 daAuts
     D:4: 722 daAuts
     D:5: 8 daAuts
